SA
CHICAGO TULA @ CONNETQUOT CHIEFS
08/16/2023
 
TOP OF THE 1ST
Chicago Tula batting - Pitching for Connetquot Chiefs : RHP Josef Strolz
Pitching: RHP Josef Strolz
Batting: LHB Gerald Kaufman 0-0: Ground out U3 (Groundball, 3)
Batting: SHB Alfredo González 0-0: SINGLE (Line Drive, 8RS)
Batting: RHB Jorge Rodríguez 0-0: Swinging Strike
0-1: Foul Ball, location: 2F
0-2: Ball
1-2: Ground out 5-3 (Groundball, 5S)
Alfredo González to second
Batting: RHB Mike Greene 0-0: Ball
1-0: Swinging Strike
1-1: Called Strike
1-2: Foul Ball, location: 2F
1-2: Ball
2-2: DOUBLE (Line Drive, 5L)
Alfredo González scores
Batting: RHB Tony Cantú 0-0: Called Strike
0-1: Called Strike
0-2: Ball
1-2: Strikes out looking
Top of the 1st over - 1 run(s), 2 hit(s), 0 error(s), 1 left on base; Chicago 1 - Connetquot 0
BOTTOM OF THE 1ST
Connetquot Chiefs batting - Pitching for Chicago Tula : RHP António Rúbio
Pitching: RHP António Rúbio
Batting: RHB Juan Salinas 0-0: Called Strike
0-1: Fly out, F8 (Flyball, 8RM)
Batting: RHB Fred Burt 0-0: Ball
1-0: Ball
2-0: Called Strike
2-1: Ground out 6-3 (Groundball, 6M)
Batting: RHB John Burton 0-0: Called Strike
0-1: Foul Ball, location: 2F
0-2: Ball
1-2: SINGLE (Line Drive, 56)
Batting: LHB Félix Fernández 0-0: Called Strike
0-1: Ball
1-1: Ball
2-1: Foul Ball, location: 2F
2-2: Ball
Throwing error on steal attempt, E2
John Burton to third
3-2: Base on Balls
Batting: RHB José Magana 0-0: Called Strike
0-1: Ball
1-1: Called Strike
1-2: Ball
2-2: Ball
3-2: SINGLE (Groundball, 34D)
John Burton scores
Félix Fernández to second
Félix Fernández to third
Batting: LHB SaQwan Hackett 0-0: Fly out, F3 (Line Drive, 3S)
Bottom of the 1st over - 1 run(s), 2 hit(s), 1 error(s), 2 left on base; Chicago 1 - Connetquot 1
TOP OF THE 2ND
Chicago Tula batting - Pitching for Connetquot Chiefs : RHP Josef Strolz
Batting: RHB Lee Lockheart 0-0: Ball
1-0: Called Strike
1-1: SINGLE (Groundball, 6MD)
Batting: RHB Alfonso Grappasonni 0-0: Foul Ball, location: 2F
0-1: Called Strike
0-2: Ground out 6-3 (Groundball, 56D)
Lee Lockheart to second
Batting: RHB Vincent Vega 0-0: Foul Ball, location: 2F
0-1: SINGLE (Groundball, 56D)
Lee Lockheart to third
Runner from 3rd tries for Home, SAFE, throw made home
Vincent Vega to second
Batting: RHB Christian Hoover 0-0: Called Strike
Vincent Vega steals 3rd base
0-1: Swinging Strike
0-2: Ground out 1-3 (Groundball, 13S)
Batting: LHB Gerald Kaufman 0-0: Ball
1-0: Swinging Strike
1-1: Ground out 4-3 (Groundball, 4)
Top of the 2nd over - 1 run(s), 2 hit(s), 0 error(s), 1 left on base; Chicago 2 - Connetquot 1
BOTTOM OF THE 2ND
Connetquot Chiefs batting - Pitching for Chicago Tula : RHP António Rúbio
Batting: RHB Emanuel Bree 0-0: Foul Ball, location: 2F
0-1: Ball
1-1: Foul Ball, location: 2F
1-2: Strikes out swinging
Batting: SHB Britt Ducker 0-0: Foul Ball, location: 2F
0-1: Ball
1-1: Foul Ball, location: 2F
1-2: Fly out, F9 (Flyball, 89M)
Batting: RHB David Pérez 0-0: Called Strike
0-1: Ball
1-1: Ground out 1-3 (Groundball, 15)
Bottom of the 2nd over - 0 run(s), 0 hit(s), 0 error(s), 0 left on base; Chicago 2 - Connetquot 1
TOP OF THE 3RD
Chicago Tula batting - Pitching for Connetquot Chiefs : RHP Josef Strolz
Batting: SHB Alfredo González 0-0: Ground out 4-3 (Groundball, 4)
Batting: RHB Jorge Rodríguez 0-0: Called Strike
0-1: Fly out, F4 (Line Drive, 4)
Batting: RHB Mike Greene 0-0: Ball
1-0: Ball
2-0: Fly out, F9 (Flyball, 9M)
Top of the 3rd over - 0 run(s), 0 hit(s), 0 error(s), 0 left on base; Chicago 2 - Connetquot 1
BOTTOM OF THE 3RD
Connetquot Chiefs batting - Pitching for Chicago Tula : RHP António Rúbio
Batting: RHB Juan Salinas 0-0: Foul Ball, location: 2F
0-1: Ball
1-1: Ball
2-1: Ball
3-1: SINGLE (Groundball, 6MD)
Batting: RHB Fred Burt 0-0: Called Strike
0-1: Foul Ball, location: 2F
0-2: Grounds into double play, 6-4-3 (Groundball, 6M)
Batting: RHB John Burton 0-0: Ball
1-0: Foul Ball, location: 2F
1-1: Fly out, F7 (Flyball, 7S)
Bottom of the 3rd over - 0 run(s), 1 hit(s), 0 error(s), 0 left on base; Chicago 2 - Connetquot 1
TOP OF THE 4TH
Chicago Tula batting - Pitching for Connetquot Chiefs : RHP Josef Strolz
Batting: RHB Tony Cantú 0-0: Ball
1-0: Ball
2-0: Ball
3-0: Ground out 4-3 (Groundball, 4M)
Batting: RHB Lee Lockheart 0-0: Called Strike
0-1: Ball
1-1: Foul Ball, location: 2F
1-2: Fly out, F8 (Flyball, 8RM)
Batting: RHB Alfonso Grappasonni 0-0: Called Strike
0-1: Called Strike
0-2: Ball
1-2: Ball
2-2: Foul Ball, location: 2F
2-2: Strikes out looking
Top of the 4th over - 0 run(s), 0 hit(s), 0 error(s), 0 left on base; Chicago 2 - Connetquot 1
BOTTOM OF THE 4TH
Connetquot Chiefs batting - Pitching for Chicago Tula : RHP António Rúbio
Batting: LHB Félix Fernández 0-0: Ball
1-0: Ball
2-0: Ball
3-0: Called Strike
3-1: Base on Balls
Batting: RHB José Magana 0-0: Reached on error, E5 (Groundball, 5L)
Félix Fernández to second
Batting: LHB SaQwan Hackett 0-0: Called Strike
0-1: Called Strike
0-2: Ball
1-2: Ground out U3 (Groundball, 3S)
Félix Fernández to third
José Magana to second
Batting: RHB Emanuel Bree 0-0: Ball
1-0: Called Strike
1-1: Foul Ball, location: 2F
1-2: Foul Ball, location: 2F
1-2: Ball
2-2: Ball
3-2: Strikes out looking
Batting: SHB Britt Ducker 0-0: Ball
Balk!
Félix Fernández scores
José Magana to third
1-0: Ball
2-0: SINGLE (Line Drive, 4MD)
José Magana scores
Batting: RHB David Pérez 0-0: Ball
1-0: Ball
2-0: Foul Ball, location: 2F
2-1: Ball
3-1: Foul Ball, location: 2F
3-2: Ground out 6-3 (Groundball, 6)
Bottom of the 4th over - 2 run(s), 1 hit(s), 1 error(s), 1 left on base; Chicago 2 - Connetquot 3
TOP OF THE 5TH
Chicago Tula batting - Pitching for Connetquot Chiefs : RHP Josef Strolz
Batting: RHB Vincent Vega 0-0: Called Strike
0-1: Ball
1-1: Called Strike
1-2: Foul Ball, location: 2F
1-2: Strikes out swinging
Batting: RHB Christian Hoover 0-0: Ground out 5-3 (Groundball, 56S)
Batting: LHB Gerald Kaufman 0-0: Ball
1-0: Ball
2-0: Foul Ball, location: 2F
2-1: Swinging Strike
2-2: Ball
3-2: Strikes out looking
Top of the 5th over - 0 run(s), 0 hit(s), 0 error(s), 0 left on base; Chicago 2 - Connetquot 3
BOTTOM OF THE 5TH
Connetquot Chiefs batting - Pitching for Chicago Tula : RHP António Rúbio
Batting: RHB Juan Salinas 0-0: Ball
1-0: Ground out 5-3 (Groundball, 15S)
Batting: RHB Fred Burt 0-0: Called Strike
0-1: Swinging Strike
0-2: Fly out, F6 (Popup, 6)
Batting: RHB John Burton 0-0: Called Strike
0-1: Swinging Strike
0-2: Ball
1-2: Strikes out swinging
Bottom of the 5th over - 0 run(s), 0 hit(s), 0 error(s), 0 left on base; Chicago 2 - Connetquot 3
TOP OF THE 6TH
Chicago Tula batting - Pitching for Connetquot Chiefs : RHP Josef Strolz
Batting: SHB Alfredo González 0-0: Ball
1-0: Ball
2-0: Foul Ball, location: 2F
2-1: Ball
3-1: Swinging Strike
3-2: Ground out 4-3 (Groundball, 4)
Batting: RHB Jorge Rodríguez 0-0: Ball
1-0: SINGLE (Groundball, 5D)
Batting: RHB Mike Greene 0-0: Ball
1-0: Ball
2-0: Swinging Strike
2-1: Foul Ball, location: 2F
2-2: Foul Ball, location: 2F
2-2: Foul Ball, location: 2F
2-2: Ball
3-2: Foul Ball, location: 2F
3-2: Foul Ball, location: 2F
3-2: Base on Balls
Jorge Rodríguez to second
Batting: RHB Tony Cantú 0-0: Ball
1-0: Foul Ball, location: 2F
1-1: Fly out, F8 (Flyball, 8LM)
Batting: RHB Lee Lockheart 0-0: Called Strike
0-1: Called Strike
0-2: Foul Ball, location: 2F
0-2: Strikes out swinging
Top of the 6th over - 0 run(s), 1 hit(s), 0 error(s), 2 left on base; Chicago 2 - Connetquot 3
BOTTOM OF THE 6TH
Connetquot Chiefs batting - Pitching for Chicago Tula : RHP António Rúbio
Batting: LHB Félix Fernández 0-0: Ball
1-0: Fly out, F9 (Flyball, 9M)
Batting: RHB José Magana 0-0: Ball
1-0: Ball
2-0: SINGLE (Groundball, 6M)
Batting: LHB SaQwan Hackett 0-0: Ground out U3 (Groundball, 3S)
José Magana to second
Batting: RHB Emanuel Bree 0-0: Called Strike
0-1: Swinging Strike
0-2: Ball
1-2: Ground out 5-3 (Groundball, 5S)
Bottom of the 6th over - 0 run(s), 1 hit(s), 0 error(s), 1 left on base; Chicago 2 - Connetquot 3
TOP OF THE 7TH
Chicago Tula batting - Pitching for Connetquot Chiefs : RHP Josef Strolz
Batting: RHB Alfonso Grappasonni 0-0: Called Strike
0-1: Ground out 6-3 (Groundball, 6)
Batting: RHB Vincent Vega 0-0: Ball
1-0: Ball
2-0: Fly out, F4 (Popup, 3DF)
Batting: RHB Christian Hoover 0-0: Ground out 6-3 (Groundball, 6)
Top of the 7th over - 0 run(s), 0 hit(s), 0 error(s), 0 left on base; Chicago 2 - Connetquot 3
BOTTOM OF THE 7TH
Connetquot Chiefs batting - Pitching for Chicago Tula : RHP António Rúbio
Batting: SHB Britt Ducker 0-0: Ball
1-0: Fly out, F6 (Popup, 6)
Batting: RHB David Pérez 0-0: Ball
1-0: Called Strike
1-1: Ball
2-1: Ball
3-1: Fly out, F9 (Flyball, 89M)
Batting: RHB Juan Salinas 0-0: Swinging Strike
0-1: Fly out, F4 (Line Drive, 4)
Bottom of the 7th over - 0 run(s), 0 hit(s), 0 error(s), 0 left on base; Chicago 2 - Connetquot 3
TOP OF THE 8TH
Chicago Tula batting - Pitching for Connetquot Chiefs : RHP Josef Strolz
Batting: LHB Gerald Kaufman 0-0: Foul Ball, location: 2F
0-1: Fly out, F3 (Popup, 23F)
Batting: SHB Alfredo González 0-0: Ground out 4-3 (Groundball, 34)
Batting: RHB Jorge Rodríguez 0-0: Called Strike
0-1: Called Strike
0-2: Ball
1-2: Ball
2-2: Fly out, F7 (Line Drive, 7S)
Top of the 8th over - 0 run(s), 0 hit(s), 0 error(s), 0 left on base; Chicago 2 - Connetquot 3
BOTTOM OF THE 8TH
Connetquot Chiefs batting - Pitching for Chicago Tula : RHP António Rúbio
Batting: RHB Fred Burt 0-0: Ball
1-0: Ball
2-0: Called Strike
2-1: Ball
3-1: Base on Balls
Pitching: RHP Jim Unknown
Batting: RHB John Burton 0-0: Ball
1-0: Fielders Choice at 2nd, 6-4 (Groundball, 6)
Batting: LHB Félix Fernández 0-0: Ball
1-0: Ball
2-0: SINGLE (Popup, 8LS)
John Burton to second
Runner from 2nd tries for 3rd, SAFE, throw made to third
Batting: RHB José Magana 0-0: Called Strike
0-1: Foul Ball, location: 2F
0-2: Strikes out looking
Batting: LHB SaQwan Hackett 0-0: Swinging Strike
0-1: Ball
1-1: Fly out, F7 (Flyball, 78S)
Bottom of the 8th over - 0 run(s), 1 hit(s), 0 error(s), 2 left on base; Chicago 2 - Connetquot 3
TOP OF THE 9TH
Chicago Tula batting - Pitching for Connetquot Chiefs : RHP Josef Strolz
Pitching: RHP Carlos Rosales
Now at C: Tim Taylor
Now at 3B: Fernando Mendoza
Now in RF: Rúbem Corvo
Batting: RHB Mike Greene 0-0: Ball
1-0: Foul Ball, location: 2F
1-1: Ball
2-1: Swinging Strike
2-2: Ball
3-2: Strikes out looking
Batting: RHB Tony Cantú 0-0: Ball
1-0: Swinging Strike
1-1: Swinging Strike
1-2: Fly out, F7 (Flyball, 7M)
Pinch Hitting: LHB César Gonzáles 0-0: Foul Ball, location: 2F
0-1: Foul Ball, location: 2F
0-2: Strikes out looking
Top of the 9th over - 0 run(s), 0 hit(s), 0 error(s), 0 left on base; Chicago 2 - Connetquot 3
This league is powered by Out of the Park Baseball, the baseball management simulation game for PC, Mac and Linux
Friday, July 8th, 2016 - OOTP Baseball 16.9 Build 39